 Dungeon Crawl Stone Soup version 0.27-a0-346-ga689d4a613 (webtiles) character file.

Game seed: 5187567111715735859

246 sanka the Insei (level 5, -3/36 HPs)
             Began as a Vampire Transmuter on Feb 15, 2021.
             Was an Initiate of Wu Jian.
             Slain by a gnoll
             ... wielding a +0 halberd
              (6 damage)
             ... on level 4 of the Dungeon.
             The game lasted 00:06:43 (2685 turns).

sanka the Insei (Vampire Transmuter)                Turns: 2685, Time: 00:06:44

Health: -3/36      AC:  2    Str:  9    XL:     5   Next: 84%
Magic:  7/8        EV: 20    Int: 16    God:    Wu Jian [......]
Gold:   86         SH:  0    Dex: 20    Spells: 2/8 levels left

rFire    . . .     SeeInvis +     - Unarmed
rCold    . . .     Faith    .   (shield currently unavailable)
rNeg     . . .     Spirit   .   (armour currently unavailable)
rPois    x         Reflect  .   (helmet currently unavailable)
rElec    .         Harm     .   (cloak currently unavailable)
rCorr    .         Rampage  .   (gloves currently unavailable)
Will     .....                  (boots currently unavailable)
Stlth    +.........             c - amulet of the acrobat
HPRegen  0.32/turn              (no ring)
MPRegen  0.11/turn              (no ring)

@: spider-form (expiring), regenerating quickly, glowing
A: tiny, see invisible
a: Exsanguinate, End Transformation, Renounce Religion


You were on level 4 of the Dungeon.
You worshipped Wu Jian.
Wu Jian was noncommittal.
You were a venomous arachnid creature.
You visited 1 branch of the dungeon, and saw 4 of its levels.

You collected 86 gold pieces.


Innate Abilities, Weirdness & Mutations

Your natural rate of healing is unusually fast.
((You have razor-sharp teeth.))
You have supernaturally acute eyesight. (SInv)
((You can survive without breathing.))


   Skills:
 - Level 0.8 Fighting
 - Level 2.1 Dodging
 - Level 5.0 Unarmed Combat
 - Level 2.0 Spellcasting
 + Level 5.0 Transmutations
 - Level 2.0 Poison Magic


You had 2 spell levels left.
You knew the following spells:

 Your Spells              Type           Power        Failure   Level
x - Spider Form           Tmut/Pois      6%           32%         3
y - Wereblood             Tmut           17%          13%         2
z - Beastly Appendage     Tmut           34%          10%         1

Your spell library contained the following spells:

 Spells                   Type           Power        Failure   Level
 Ice Form                 Ice/Tmut       9%           78%         4
 Blade Hands              Tmut           8%           78%         5

Inventory:

Missiles
 i - 16 poisoned darts
Armour
 a - a +0 robe (melded)
Jewellery
 c - an amulet of the acrobat (around neck)
 h - a ring of fire
Scrolls
 b - a scroll of enchant armour {unknown}
 d - 5 scrolls of teleportation {@r4}
 e - 5 scrolls of identify {@r1}
 f - 2 scrolls of amnesia {unknown}
 j - a scroll of enchant weapon {unknown}
 k - a scroll of blinking {unknown}
 l - a scroll of fear {unknown}
Potions
 g - a potion of curing {@q1}

Dungeon Overview and Level Annotations

Branches:
Dungeon (4/15)
 Temple: D:4-7

Altars:
Trog
Uskayaw
Wu Jian
Xom

▒.▒ ▒.▒ ..▒
..▒
▒▒▒▒▒▒▒▒.▒
.......▒g▒
gg.....gg▒
.......▒g▒▒▒
▒▒▒▒▒▒▒▒)s.▒
▒)).▒ ▒▒▒▒▒
≈≈≈≈≈
≈≈≈≈≈≈≈≈≈
.............
>▒▒▒▒▒▒▒▒▒▒▒▒


You could see 4 gnolls.


Message History

The Council accepts your kill. The gnoll closely misses you.
The orc hits you with a +0 mace.
* * * LOW HITPOINT WARNING * * *
The gnoll barely misses you.
Unknown command.
It was a potion of curing.
The orc completely misses you. The gnoll barely misses you.
You bite the orc!
You kill the orc!
The Council accepts your kill.
Your Transmutations skill increases to level 5!
The gnoll closely misses you. The gnoll misses you.
The gnoll hits you from afar with a +2 spear of flaming.
* * * LOW HITPOINT WARNING * * *
The gnoll burns you.
* * * LOW HITPOINT WARNING * * *
Things that are here:
a +0 mace; an orc corpse; a gnoll corpse Unknown command.
As you read the scroll labelled EPSI VUSCHATA, it crumbles to dust.
It is a scroll of identify.
d - 5 scrolls of teleportation The gnoll hits you from afar with a +0 spear!
* * * LOW HITPOINT WARNING * * *
The gnoll completely misses you. The gnoll hits you with a +0 halberd.
You die...

Action                   |  1- 3 |  4- 6 || total
-------------------------+-------+-------++-------
Melee: Unarmed           |   132 |    90 ||   222
       Bite              |     8 |     6 ||    14
       Kick              |    10 |     5 ||    15
       Punch             |     2 |     1 ||     3
       Headbutt          |     6 |     6 ||    12
 Cast: Beastly Appendage |    14 |     7 ||    21
       Spider Form       |       |     4 ||     4
Invok: Lunge             |       |     1 ||     1
  Use: Scroll            |       |     1 ||     1
       Potion            |       |     1 ||     1
 Stab: Sleeping          |       |     1 ||     1
Armor: Robe              |    21 |     1 ||    22
       Skin              |       |     2 ||     2
Dodge: Dodged            |   101 |    73 ||   174

Levels and vault maps discovered:
D:1:      psy_arrival_spokes, layout_rooms, nrook_mini_backslash,
          minmay_indecisive_spiral
D:2:      layout_basic, old_standard_altar
D:3:      layout_loops_ring, nicolae_overflow_crystal_walls,
          gammafunk_temple_overflow_statue
D:4:      lemuel_castle_with_subvaults [lemuel_castle_interior_carwin_1],
          layout_basic, lemuel_round_altar, cheibrodos_sewer_entry_sluice

Notes
Turn   | Place    | Note
-------+----------+-------------------------------------------
     0 | D:1      | sanka the Vampire Transmuter began the quest for the Orb.
     0 | D:1      | Reached XP level 1. HP: 14/14 MP: 3/3
   107 | D:1      | Reached XP level 2. HP: 20/20 MP: 3/5
   111 | D:1      | Reached skill level 4 in Unarmed Combat
   128 | D:1      | Learned a level 2 spell: Wereblood
   466 | D:1      | Reached XP level 3. HP: 25/25 MP: 6/6
   480 | D:1      | Learned a level 3 spell: Spider Form
   789 | D:2      | Reached skill level 5 in Unarmed Combat
   810 | D:2      | Found a shimmering altar of Xom.
  1272 | D:2      | Reached XP level 4. HP: 31/31 MP: 7/7
  1435 | D:2      | Reached skill level 1 in Poison Magic
  1515 | D:2      | Noticed an ice beast
  1686 | D:3      | Reached skill level 3 in Transmutations
  1802 | D:3      | Reached skill level 2 in Poison Magic
  1802 | D:3      | Reached XP level 5. HP: 17/36 MP: 1/8
  2134 | D:3      | Reached skill level 4 in Transmutations
  2257 | D:3      | Found a bloodstained altar of Trog.
  2258 | D:3      | Found an ornate altar of the Wu Jian Council.
  2292 | D:3      | Found a hide-covered altar of Uskayaw.
  2515 | D:3      | Became a worshipper of the Wu Jian Council
  2684 | D:4      | Reached skill level 5 in Transmutations
  2685 | D:4      | HP: 3/36 [gnoll/+0 spear (7)]
  2685 | D:4      | Slain by a gnoll

Vanquished Creatures
  2 orc priests (D:3)
  A gnoll shaman (D:4)
  An orc wizard (D:3)
  4 gnolls (D:4)
  2 adders (D:2)
  An ooze (D:1)
  2 worms
  2 leopard geckos (D:2)
  4 orcs
  7 bats
  5 giant cockroaches
  8 goblins
  6 hobgoblins
  11 kobolds
  A ball python (D:2)
  4 frilled lizards
  5 rats
66 creatures vanquished.
